 Dungeon Crawl Stone Soup version 0.18-a0-987-g0b0e4e7 (webtiles) character file.

336 tof the Digger (level 6, -3/32 HPs)
             Began as a Gargoyle Earth Elementalist on Jan 3, 2016.
             Was a Follower of Vehumet.
             Slain by an iguana (10 damage)
             ... on level 4 of the Dungeon.
             The game lasted 00:33:44 (4562 turns).

tof the Digger (Gargoyle Earth Elementalist)        Turns: 4562, Time: 00:33:44

Health: -3/32      AC:  9    Str: 11    XL:     6   Next: 54%
Magic:  2/13       EV: 12    Int: 16    God:    Vehumet [*.....]
Gold:   232        SH:  0    Dex: 12    Spells: 5 memorised, 1 level left

rFire  . . .     SeeInvis .     r - -2 quarterstaff (curse)
rCold  . . .     Gourm    .     g - +0 robe
rNeg   + . .     Faith    .     (shield currently unavailable)
rPois  ∞         Spirit   .     p - +0 helmet
rElec  +         Dismiss  .     (no cloak)
rCorr  .         Reflect  .     m - +1 pair of gloves
SustAt .         Harm     .     (no boots)
MR     .....                    (no amulet)
Stlth  ++........               (no ring)
                                (no ring)

@: about to teleport, very slightly contaminated, not resistant to hostile
enchantments, unstealthy
A: negative energy resistance 1, electricity resistance, unbreathing,
petrification resistance, rot immunity, AC +4
a: Renounce Religion


You were on level 4 of the Dungeon.
You worshipped Vehumet.
Vehumet was aware of your devotion.
You were hungry.

You visited 1 branch of the dungeon, and saw 4 of its levels.

You collected 232 gold pieces.

Inventory:

Hand Weapons
 a - a +1 dagger of protection
 j - a +0 dagger of venom
 r - a cursed -2 quarterstaff (weapon)
Missiles
 b - 143 stones (quivered)
Armour
 g - a +0 robe (worn)
 m - a +1 pair of gloves (worn)
 p - a +0 helmet (worn)
Wands
 v - a wand of random effects (12/48)
Scrolls
 f - a scroll of remove curse {unknown}
 q - 3 scrolls of recharging
 s - a scroll of amnesia {unknown}
 u - 3 scrolls of identify
Potions
 d - 2 potions of heal wounds {unknown}
 e - a potion of ambrosia {unknown}
 l - 2 potions of curing {unknown}
 n - a potion of invisibility {unknown}
 t - a potion of flight {unknown}
Books
 c - a book of Geomancy

   Spells                             Type                      Level
   a - Sandblast                      Earth                        1
   b - Stoneskin                      Transmutation/Earth          2
   c - Passwall                       Transmutation/Earth          3
   d - Stone Arrow                    Conjuration/Earth            3
   e - Petrify                        Transmutation/Earth          4
   f - Lee's Rapid Deconstruction     Earth                        5
Comestibles
 i - 2 chunks of flesh
 k - 5 meat rations
 o - a bread ration
 w - a slice of pizza


   Skills:
 - Level 1.5 Dodging
 - Level 2.1 Stealth
 * Level 5.2 Spellcasting
 - Level 0.7 Transmutations
 + Level 5.7 Earth Magic


You had one spell level left.
You knew the following spells:

 Your Spells              Type           Power        Failure   Level  Hunger
a - Sandblast             Erth           ###...       1%          1    None
b - Stoneskin             Trmt/Erth      ##......     8%          2    #......
c - Stone Arrow           Conj/Erth      ##....       14%         3    ###....
d - Passwall              Trmt/Erth      ##........   12%         3    ###....
e - Lee's Rapid Deconstr  Erth           ###.......   38%         5    ######.


Dungeon Overview and Level Annotations

Branches:
Dungeon (4/15)
 Temple: D:4-7

Altars:
Fedhas
Qazlal
Vehumet
Xom


Innate Abilities, Weirdness & Mutations

You are resistant to torment.
Your stone body is resilient (AC +4).
You are immune to poison.
You resist negative energy.
You are resistant to electric shocks.
You can survive without breathing.
You are immune to petrification.
You are immune to rotting.


Message History

The bat zombie hits you but does no damage.
The bat skeleton misses you. The bat zombie closely misses you.
The bat skeleton hits you but does no damage.
The bat zombie hits you but does no damage.
The iguana bites you.
* * * LOW HITPOINT WARNING * * *
The bat skeleton closely misses you.
You hit the iguana but do no damage.
The iguana is almost dead.
The bat zombie misses you.
The bat skeleton hits you but does no damage.
The bat zombie barely misses you. The bat skeleton closely misses you.
The bat zombie hits you but does no damage.
The bat skeleton closely misses you. The iguana closely misses you.
The bat zombie hits you but does no damage.
The bat skeleton closely misses you.
The bat zombie hits you but does no damage.
The bat skeleton hits you but does no damage.
The bat zombie closely misses you. The iguana bites you!
You die...

.# .⌠.# .#.#.#
.⌠.#.⌠.#
#.#.#!#.#
##.⌠.#.⌠.##
#.#.#.#.#Z#
#..#.⌠.#Z@#
####
#.#.#.#.#l#
.... #.⌠.#.⌠.##
### #.....##
##### ###'''##
###.... #.....#
.......###.####
###.###.#.##
###.####..#


You could see an iguana, a bat zombie and a bat skeleton.

Vanquished Creatures
  3 orc priests (D:3)
  A giant frog zombie (D:3)
  2 orc wizards (D:3)
  Terence (D:2)
  An iguana (D:4)
  2 adders
  An ooze (D:1)
  2 worms
  6 giant geckos
  8 orcs (D:3)
  7 bats
  5 giant cockroaches
  7 goblins
  3 hobgoblins
  7 jackals
  A quokka (D:3)
  3 giant newts
  9 kobolds
  12 rats
81 creatures vanquished.

Notes
Turn   | Place    | Note
--------------------------------------------------------------
     0 | D:1      | tof the Gargoyle Earth Elementalist began the quest for the Orb.
     0 | D:1      | Reached XP level 1. HP: 10/10 MP: 3/3
   195 | D:1      | Reached XP level 2. HP: 6/15 MP: 0/5
   470 | D:1      | Learned a level 2 spell: Stoneskin
   488 | D:1      | You fall through a shaft!
   516 | D:1      | Reached skill level 4 in Earth Magic
   713 | D:1      | Reached XP level 3. HP: 8/19 MP: 1/7
   909 | D:1      | Learned a level 3 spell: Stone Arrow
  1452 | D:2      | Noticed Terence
  1457 | D:2      | Killed Terence
  1457 | D:2      | Reached XP level 4. HP: 24/24 MP: 1/8
  1523 | D:2      | Found a stormy altar of Qazlal.
  1528 | D:2      | Found a blossoming altar of Fedhas.
  2275 | D:3      | Found a radiant altar of Vehumet.
  2722 | D:3      | Reached skill level 5 in Earth Magic
  2722 | D:3      | Reached XP level 5. HP: 23/28 MP: 3/10
  2781 | D:3      | Learned a level 3 spell: Passwall
  2794 | D:3      | Became a worshipper of Vehumet
  3026 | D:3      | Found a shimmering altar of Xom.
  3605 | D:3      | Reached XP level 6. HP: 24/32 MP: 5/13
  3834 | D:3      | Reached skill level 5 in Spellcasting
  3835 | D:3      | Reached * piety under Vehumet
  3835 | D:3      | Offered knowledge of Sting by Vehumet.
  4254 | D:4      | Learned a level 5 spell: Lee's Rapid Deconstruction
  4562 | D:4      | Slain by an iguana

Vault maps used:
D:1:      mushboom_english_gardens, minivault_26, fountainhead,
          amethyst_killhole
D:2:      grunt_temple_overflow_forces_of_nature, uniq_terence
D:3:      xom_butterflies, nicolae_overflow_hidden_temple
D:4:      kennysheep_vampire_church, uniq_pikel

Action                   |  1- 3 |  4- 6 || total
-------------------------+-------+-------++-------
Melee: Dagger            |    31 |    12 ||    43
       Quarterstaff      |       |    61 ||    61
Throw: Stone             |     3 |     1 ||     4
 Cast: Sandblast         |    31 |    16 ||    47
       Stoneskin         |     4 |       ||     4
       Stone Arrow       |     5 |    53 ||    58
       Passwall          |       |     5 ||     5
       Lee's Rapid Decon |       |     3 ||     3
  Use: Scroll            |       |     5 ||     5
  Eat: Chunk             |     2 |    13 ||    15
       Bread ration      |     1 |       ||     1
